PAA
ASHEVILLE HIGHLANDERS @ CHESAPEAKE CONTINENTALS
07/18/2029
 
TOP OF THE 1ST
Asheville Highlanders batting - Pitching for Chesapeake Continentals : LHP Blake Connolly
Pitching: LHP Blake Connolly
Batting: RHB Esteban Olivo 0-0: Ball
1-0: Fly out, F8 (Flyball, 8RD)
Batting: RHB Miguel Uribe 0-0: Called Strike
0-1: Ball
1-1: Called Strike
1-2: Foul Ball, location: 2F
1-2: Ball
2-2: Ball
3-2: Base on Balls
Batting: SHB Enrique Costello 0-0: Ball
1-0: Fielders Choice at 2nd, 1-6 (Groundball, 13S)
Batting: RHB Enrique Rocha 0-0: Called Strike
Enrique Costello steals 2nd base
0-1: Swinging Strike
0-2: SINGLE (Line Drive, 8LS)
Enrique Costello to third
Runner from 3rd tries for Home, SAFE, no throw
Batting: RHB Asko Riikonen 0-0: Ball
Enrique Rocha is caught stealing 2nd base
Top of the 1st over - 1 run, 1 hit, 0 errors, 0 left on base; Asheville 1 - Chesapeake 0
BOTTOM OF THE 1ST
Chesapeake Continentals batting - Pitching for Asheville Highlanders : RHP Manuel Sánchez
Pitching: RHP Manuel Sánchez
Batting: RHB Marcos Alfaro 0-0: Ball
1-0: Ball
2-0: Ball
3-0: Base on Balls
Batting: LHB Ángel Pineda 0-0: Ball
1-0: Called Strike
1-1: Ball
2-1: Swinging Strike
2-2: Foul Ball, location: 2F
2-2: Strikes out swinging
Batting: LHB Dana Waldrip 0-0: Hit by Pitch
Marcos Alfaro to second
Batting: SHB Dave Atkins 0-0: Called Strike
0-1: Called Strike
0-2: Fielders Choice at 2nd, 3-6 (Groundball, 3)
Marcos Alfaro to third
Batting: RHB Arturo Scantlebury 0-0: Called Strike
0-1: Ground out 4-3 (Groundball, 4MD)
Bottom of the 1st over - 0 runs, 0 hits, 0 errors, 2 left on base; Asheville 1 - Chesapeake 0
TOP OF THE 2ND
Asheville Highlanders batting - Pitching for Chesapeake Continentals : LHP Blake Connolly
Batting: RHB Asko Riikonen 0-0: Fly out, F8 (Flyball, 89M)
Batting: RHB Dan Parkinson 0-0: Ball
1-0: Ball
2-0: Fly out, F7 (Flyball, 7S)
Batting: RHB Marcos Rico 0-0: Called Strike
0-1: Ball
1-1: Ball
2-1: Foul Ball, location: 2F
2-2: Fly out, F9 (Flyball, 89M)
Top of the 2nd over - 0 runs, 0 hits, 0 errors, 0 left on base; Asheville 1 - Chesapeake 0
BOTTOM OF THE 2ND
Chesapeake Continentals batting - Pitching for Asheville Highlanders : RHP Manuel Sánchez
Batting: RHB Rand McNally 0-0: Ball
1-0: Called Strike
1-1: Foul Ball, location: 2F
1-2: Ball
2-2: Strikes out swinging
Batting: SHB Holden Nolan 0-0: Called Strike
0-1: Ball
1-1: Ball
2-1: Foul Ball, location: 2F
2-2: Foul Ball, location: 2F
2-2: Ball
3-2: Foul Ball, location: 2F
3-2: Base on Balls
Batting: RHB Dani Durán 0-0: Ball
1-0: Swinging Strike
1-1: Ball
Holden Nolan steals 2nd base
2-1: Swinging Strike
2-2: Strikes out looking
Batting: RHB Brian Moring 0-0: Called Strike
0-1: Ball
1-1: Foul Ball, location: 2F
1-2: Ball
2-2: Foul Ball, location: 2F
2-2: Strikes out looking
Bottom of the 2nd over - 0 runs, 0 hits, 0 errors, 1 left on base; Asheville 1 - Chesapeake 0
TOP OF THE 3RD
Asheville Highlanders batting - Pitching for Chesapeake Continentals : LHP Blake Connolly
Batting: RHB Marcos Calderón 0-0: Called Strike
0-1: Ball
1-1: SINGLE (Groundball, 56D)
Batting: LHB Tomás Valenzuela 0-0: Fly out, F8 (Flyball, 8RM)
Batting: RHB Esteban Olivo 0-0: Ball
1-0: Foul Ball, location: 2F
1-1: Swinging Strike
1-2: Strikes out swinging
Batting: RHB Miguel Uribe 0-0: Fly out, F8 (Flyball, 8LD)
Top of the 3rd over - 0 runs, 1 hit, 0 errors, 1 left on base; Asheville 1 - Chesapeake 0
BOTTOM OF THE 3RD
Chesapeake Continentals batting - Pitching for Asheville Highlanders : RHP Manuel Sánchez
Batting: RHB Marcos Alfaro 0-0: Called Strike
0-1: Ball
1-1: Ball
2-1: Fly out, F7 (Flyball, 7LM)
Batting: LHB Ángel Pineda 0-0: Ball
1-0: Ball
2-0: Foul Ball, location: 2F
2-1: SINGLE (Groundball, 6M) (infield hit)
Batting: LHB Dana Waldrip 0-0: Called Strike
0-1: Called Strike
0-2: Strikes out swinging
Batting: SHB Dave Atkins 0-0: Swinging Strike
0-1: Ball
1-1: Ball
2-1: Called Strike
2-2: Ground out 4-3 (Groundball, 4)
Bottom of the 3rd over - 0 runs, 1 hit, 0 errors, 1 left on base; Asheville 1 - Chesapeake 0
TOP OF THE 4TH
Asheville Highlanders batting - Pitching for Chesapeake Continentals : LHP Blake Connolly
Batting: SHB Enrique Costello 0-0: Called Strike
0-1: Ball
1-1: Ball
2-1: Foul Ball, location: 2F
2-2: Foul Ball, location: 2F
2-2: Foul Ball, location: 2F
2-2: Foul Ball, location: 2F
2-2: Foul Ball, location: 2F
2-2: Ball
3-2: Base on Balls
Batting: RHB Enrique Rocha 0-0: Ball
1-0: Ball
2-0: Called Strike
2-1: Ball
3-1: Base on Balls
Enrique Costello to second
Batting: RHB Asko Riikonen 0-0: Ball
1-0: Ball
2-0: Foul Ball, location: 2F
2-1: Grounds into double play, 4-6-3 (Groundball, 4)
Enrique Costello to third
Batting: RHB Dan Parkinson 0-0: Ball
1-0: Called Strike
1-1: Ball
2-1: Ball
3-1: SINGLE (Line Drive, 7S)
Enrique Costello scores
Batting: RHB Marcos Rico 0-0: Ball
1-0: Ball
2-0: Foul Ball, location: 2F
2-1: Foul Ball, location: 2F
2-2: Foul Ball, location: 2F
2-2: Foul Ball, location: 2F
2-2: Ground out 6-3 (Groundball, 6MS)
Top of the 4th over - 1 run, 1 hit, 0 errors, 1 left on base; Asheville 2 - Chesapeake 0
BOTTOM OF THE 4TH
Chesapeake Continentals batting - Pitching for Asheville Highlanders : RHP Manuel Sánchez
Batting: RHB Arturo Scantlebury 0-0: Called Strike
0-1: Foul Ball, location: 2F
0-2: Ground out 6-3 (Groundball, 6)
Batting: RHB Rand McNally 0-0: Fly out, F3 (Popup, 3F)
Batting: SHB Holden Nolan 0-0: Ball
1-0: Ground out 6-3 (Groundball, 6D)
Bottom of the 4th over - 0 runs, 0 hits, 0 errors, 0 left on base; Asheville 2 - Chesapeake 0
TOP OF THE 5TH
Asheville Highlanders batting - Pitching for Chesapeake Continentals : LHP Blake Connolly
Batting: RHB Marcos Calderón 0-0: Ball
1-0: Ball
2-0: Called Strike
2-1: Ball
3-1: Base on Balls
Batting: LHB Tomás Valenzuela 0-0: Called Strike
0-1: Ball
1-1: Ball
2-1: Foul Ball, location: 2F
2-2: Ball
3-2: Foul Ball, location: 2F
3-2: Ground out 4-3 (Groundball, 4)
Marcos Calderón to second
Batting: RHB Esteban Olivo 0-0: Ball
1-0: Called Strike
1-1: Ball
2-1: Ground out 1-3 (Groundball, 13)
Marcos Calderón to third
Batting: RHB Miguel Uribe 0-0: Ball
1-0: Foul Ball, location: 2F
1-1: Fly out, F9 (Line Drive, 89D)
Top of the 5th over - 0 runs, 0 hits, 0 errors, 1 left on base; Asheville 2 - Chesapeake 0
BOTTOM OF THE 5TH
Chesapeake Continentals batting - Pitching for Asheville Highlanders : RHP Manuel Sánchez
Batting: RHB Dani Durán 0-0: Ball
1-0: Ball
2-0: Ball
3-0: Called Strike
3-1: SINGLE (Line Drive, 34)
Batting: RHB Brian Moring 0-0: Ball
1-0: Ball
2-0: Bunted foul
2-1: Sac Bunt - play at first, batter OUT! 1-4
Dani Durán to second
Batting: RHB Marcos Alfaro 0-0: Foul Ball, location: 2F
0-1: SINGLE (Line Drive, 6M)
Dani Durán to third
Batting: LHB Ángel Pineda 0-0: Called Strike
0-1: Foul Ball, location: 2F
0-2: Ball
1-2: Ball
2-2: Grounds into double play, 6-4-3 (Groundball, 6D)
Bottom of the 5th over - 0 runs, 2 hits, 0 errors, 1 left on base; Asheville 2 - Chesapeake 0
TOP OF THE 6TH
Asheville Highlanders batting - Pitching for Chesapeake Continentals : LHP Blake Connolly
Batting: SHB Enrique Costello 0-0: Ball
1-0: Called Strike
1-1: Ball
2-1: Called Strike
2-2: Ball
3-2: Foul Ball, location: 2F
3-2: Foul Ball, location: 2F
3-2: Base on Balls
Batting: RHB Enrique Rocha 0-0: Ball
1-0: SINGLE (Flyball, 56D)
Enrique Costello to second
Batting: RHB Asko Riikonen 0-0: Called Strike
0-1: Swinging Strike
0-2: Ball
1-2: Foul Ball, location: 2F
1-2: Foul Ball, location: 2F
1-2: Ball
2-2: Ball
3-2: Foul Ball, location: 2F
3-2: Fly out, F3 (Popup, 3SF)
Pitching: RHP Jason Martin
Batting: RHB Dan Parkinson 0-0: Called Strike
0-1: Ball
1-1: Ball
2-1: Ball
3-1: Called Strike
3-2: SINGLE (Flyball, 8RS)
Enrique Costello to third
Enrique Rocha to second
Batting: RHB Marcos Rico 0-0: Ball
1-0: Ball
2-0: Ball
3-0: Base on Balls
Enrique Costello scores
Enrique Rocha to third
Dan Parkinson to second
Batting: RHB Marcos Calderón 0-0: Fly out, F9 (Flyball, 89S)
Batting: LHB Tomás Valenzuela 0-0: Ball
1-0: Ball
2-0: Foul Ball, location: 2F
2-1: Foul Ball, location: 2F
2-2: Ground out U3 (Groundball, 34)
Top of the 6th over - 1 run, 2 hits, 0 errors, 3 left on base; Asheville 3 - Chesapeake 0
BOTTOM OF THE 6TH
Chesapeake Continentals batting - Pitching for Asheville Highlanders : RHP Manuel Sánchez
Batting: LHB Dana Waldrip 0-0: Ball
1-0: Foul Ball, location: 2F
1-1: Ball
2-1: Fly out, F5 (Popup, 56S)
Batting: SHB Dave Atkins 0-0: SINGLE (Line Drive, 89S)
Batting: RHB Arturo Scantlebury 0-0: Called Strike
0-1: Ball
1-1: Ground out 3-1 (Groundball, 34S)
Dave Atkins to second
Batting: RHB Rand McNally 0-0: 2-RUN HOME RUN (Flyball, 9D), Distance : 345 ft
Batting: SHB Holden Nolan 0-0: Ball
1-0: Ball
2-0: Ball
3-0: Base on Balls
Batting: RHB Dani Durán 0-0: Called Strike
0-1: DOUBLE (Line Drive, 7LM)
Holden Nolan to third
Batting: RHB Brian Moring 0-0: Foul Ball, location: 2F
0-1: Swinging Strike
0-2: Ball
1-2: Fly out, F7 (Flyball, 78XD)
Bottom of the 6th over - 2 runs, 3 hits, 0 errors, 2 left on base; Asheville 3 - Chesapeake 2
TOP OF THE 7TH
Asheville Highlanders batting - Pitching for Chesapeake Continentals : RHP Jason Martin
Batting: RHB Esteban Olivo 0-0: Foul Ball, location: 2F
0-1: Ball
1-1: Swinging Strike
1-2: Strikes out swinging
Batting: RHB Miguel Uribe 0-0: Called Strike
0-1: Ball
1-1: Ball
2-1: Foul Ball, location: 2F
2-2: Ball
3-2: Base on Balls
Batting: SHB Enrique Costello 0-0: Ball
1-0: Fly out, F8 (Flyball, 8LS)
Batting: RHB Enrique Rocha 0-0: Called Strike
0-1: Ball
1-1: Called Strike
1-2: Ball
Miguel Uribe steals 2nd base
2-2: Foul Ball, location: 2F
2-2: Foul Ball, location: 2F
2-2: Ball
3-2: Ground out 6-3 (Groundball, 6)
Top of the 7th over - 0 runs, 0 hits, 0 errors, 1 left on base; Asheville 3 - Chesapeake 2
BOTTOM OF THE 7TH
Chesapeake Continentals batting - Pitching for Asheville Highlanders : RHP Manuel Sánchez
Batting: RHB Marcos Alfaro 0-0: Ball
1-0: Ball
2-0: Called Strike
2-1: Foul Ball, location: 2F
Error on foul ball, E2
2-2: SINGLE (Line Drive, 6M)
Pitching: RHP Augusto Deleón
Batting: LHB Ángel Pineda 0-0: Sac Bunt - play at first, batter OUT! 1-4
Marcos Alfaro to second
Batting: LHB Dana Waldrip 0-0: Called Strike
0-1: Fly out, F8 (Flyball, 8RS)
Batting: SHB Dave Atkins 0-0: Ball
1-0: Ball
2-0: Called Strike
2-1: DOUBLE (Flyball, 78D)
Marcos Alfaro scores
Batting: RHB Arturo Scantlebury 0-0: Swinging Strike
0-1: Ground out 6-3 (Groundball, 6)
Bottom of the 7th over - 1 run, 2 hits, 1 error, 1 left on base; Asheville 3 - Chesapeake 3
TOP OF THE 8TH
Asheville Highlanders batting - Pitching for Chesapeake Continentals : RHP Jason Martin
Batting: RHB Asko Riikonen 0-0: Foul Ball, location: 2F
0-1: Swinging Strike
0-2: Ball
1-2: Strikes out swinging
Batting: RHB Dan Parkinson 0-0: Foul Ball, location: 2F
0-1: Ball
1-1: Ball
2-1: Ball
3-1: Base on Balls
Batting: RHB Marcos Rico 0-0: Fly out, F7 (Flyball, 7LSF)
Pinch Hitting: SHB Mark Towns 0-0: Ground out 4-3 (Groundball, 4)
Top of the 8th over - 0 runs, 0 hits, 0 errors, 1 left on base; Asheville 3 - Chesapeake 3
BOTTOM OF THE 8TH
Chesapeake Continentals batting - Pitching for Asheville Highlanders : RHP Augusto Deleón
Now at 1B: Robert Hillier
Batting: RHB Rand McNally 0-0: Called Strike
0-1: Ball
1-1: Ball
2-1: Ball
3-1: Base on Balls
Batting: SHB Holden Nolan 0-0: Ball
1-0: Sac Bunt - play at first, batter OUT! 3-4
Rand McNally to second
Pinch Hitting: RHB Alejandro Pérez 0-0: Ball
1-0: Swinging Strike
1-1: Foul Ball, location: 2F
1-2: Ground out U3 (Groundball, 34S)
Rand McNally to third
Batting: RHB Brian Moring 0-0: Ground out 6-3 (Groundball, 6)
Bottom of the 8th over - 0 runs, 0 hits, 0 errors, 1 left on base; Asheville 3 - Chesapeake 3
TOP OF THE 9TH
Asheville Highlanders batting - Pitching for Chesapeake Continentals : RHP Jason Martin
Pitching: RHP Joseph Chartier
Now in RF: Carlos Rúbio
Batting: LHB Tomás Valenzuela 0-0: Ball
1-0: Fly out, F8 (Flyball, 8RD)
Batting: RHB Esteban Olivo 0-0: Called Strike
0-1: Ball
1-1: Called Strike
1-2: Ball
2-2: Ball
3-2: Strikes out swinging
Batting: RHB Miguel Uribe 0-0: Ball
1-0: Swinging Strike
1-1: SINGLE (Flyball, 89M)
Batting: SHB Enrique Costello 0-0: Ball
1-0: Fly out, F8 (Flyball, 8LM)
Top of the 9th over - 0 runs, 1 hit, 0 errors, 1 left on base; Asheville 3 - Chesapeake 3
BOTTOM OF THE 9TH
Chesapeake Continentals batting - Pitching for Asheville Highlanders : RHP Augusto Deleón
Batting: RHB Marcos Alfaro 0-0: Ground out 5-3 (Groundball, 56)
Batting: LHB Ángel Pineda 0-0: Ball
1-0: Ball
2-0: Fly out, F7 (Flyball, 7LMF)
Batting: LHB Dana Waldrip 0-0: Called Strike
0-1: Ball
1-1: Ball
2-1: Ball
3-1: Base on Balls
Batting: SHB Dave Atkins 0-0: Called Strike
0-1: 2-RUN HOME RUN (Flyball, 9D), Distance : 358 ft
Tuesday, December 19th, 2017 - OOTP Baseball 18.8 Build 76